AoeStats
← Corwen

Four Lakes

509964279Analyzed
1v1 RM · 4d ago on Sep 28, 2026· 50m 43s· 2 players
Game mode
Random Map
Map size
Tiny (2 player)
Population
200
Speed
Normal
Resources
Standard
Victory
Conquest
Starting age
Dark Age
Ending age
Imperial Age
RankedLock teamsTeams togetherTeam positionsShared explorationLock speedFull tech treeHidden civsTurbo modeCheats
Victory
Defeat
🇮🇱 Portuguese · Israel
477
+17
🇫🇷 Aztecs · France
504
-17
michaelnaro
5:23 Loom
10:40 Feudal Age
12:29 Wheelbarrow
11:43 Double-Bit Axe
11:41 Horse Collar
13:13 Gold Mining
20:46 Castle Age
19:41 Stone Mining
22:08 Bow Saw
23:07 Stone Shaft Mining
23:48 Hand Cart
24:21 Heavy Plow
24:47 Town Watch
24:45 Pikeman
26:21 Town Patrol
26:03 Fishing Lines
27:01 Forging
26:49 Gillnets
28:59 Iron Casting
30:25 Gambesons
30:04 Man-at-Arms
33:51 Imperial Age
33:10 Treadmill Crane
33:52 Ballistics
33:29 Fletching
33:41 Padded Archer Armor
34:40 Elite Organ Gun
36:27 Elite Skirmisher
37:12 Thumb Ring
38:09 Conscription
39:33 Crop Rotation
43:08 Two-Man Saw
43:14 Chemistry
42:27 Masonry
42:12 Heated Shot
42:21 Bodkin Arrow
42:42 Leather Archer Armor
43:28 Blast Furnace
46:28 Long Swordsman
47:20 Two-Handed Swordsman
47:46 Arson
51:07 Arquebus
Corwen
13:07 Feudal Age
14:25 Wheelbarrow
13:40 Double-Bit Axe
14:46 Fishing Lines
21:09 Castle Age
20:32 Scale Mail Armor
20:42 Forging
20:23 Fletching
20:33 Padded Archer Armor
20:48 Stone Mining
20:48 Gold Mining
22:31 Gillnets
24:43 Horse Collar
26:45 Stone Shaft Mining
26:46 Gold Shaft Mining
26:26 Bow Saw
26:38 Heavy Plow
31:16 Imperial Age
29:06 Arson
29:21 Squires
28:47 Elite Skirmisher
29:46 Eagle Warrior
29:49 Pikeman
31:25 Hand Cart
31:48 Loom
31:49 Town Watch
31:55 Capped Ram
34:43 Crop Rotation
36:50 Man-at-Arms
37:18 Gambesons
36:53 Elite Eagle Warrior
37:59 Garland Wars
39:43 Long Swordsman
41:03 Two-Handed Swordsman
43:27 Ballistics
44:08 Chemistry
43:05 Siege Ram
44:33 Chain Mail Armor
44:54 Iron Casting
44:14 Bodkin Arrow
44:35 Leather Archer Armor
45:23 Atlatl
46:41 Plate Mail Armor
47:12 Elite Jaguar Warrior
Connection lost

Rejoining the realm…

Still unreachable

The connection could not be restored.

Session expired

The server has moved on; the page needs a fresh start.